Map: Moonlight Madness LE (Void)

Players

Coldfran

  • Race: Terran Terran
  • League: Silver

CunningStunt - Winner!

  • Race: Protoss Protoss
  • League: Gold

VOD

Have the link to the VOD?

Description

Time

  • Played on: Sept. 2, 2015, 1:19 a.m.
  • Length: 7:56
Show
View Real Time Build Order
Export as new Build Order

Coldfran Terran 

Build Orders:  

Get SALT Encoding   

  12  0:01  SCV  
  13  0:13  SCV  
  14  0:25  Supply Depot, SCV  
  15  0:32  Refinery  
  15  0:41  Refinery  
  15  0:48  Barracks  
  15  0:51  SCV  
  16  1:18  SCV  
  17  1:30  SCV  
  18  1:37  Marine  
  19  1:51  Supply Depot  
  19  2:02  Marine  
  19  2:08  SCV  
  20  2:12  Factory  
  20  2:20  SCV  
  21  2:24  Supply Depot  
  21  2:32  SCV, Engineering Bay  
  22  2:55  Widow Mine  
  24  3:01  Supply Depot  
  24  3:02  Starport  
  24  3:08  SCV  
  25  3:20  SCV  
  25  3:24  Widow Mine  
  28  3:33  SCV  
  29  3:38  Medivac  
  31  3:46  SCV  
  32  3:52  Widow Mine  
  34  3:59  SCV  
  35  4:03  Supply Depot  
  35  4:05  Supply Depot  
  35  4:14  Missile Turret  
  35  4:17  Missile Turret  
  35  4:21  Marine  
  36  4:27  Factory Tech Lab  
  36  4:32  Bunker  
  36  4:38  Marine, Starport Reactor  
  37  4:49  Terran Infantry Weapons Level 1  
  37  4:51  Barracks  
  37  4:56  Marine  
  37  4:59  Liberator  
  38  5:03  Liberator  
  38  5:04  Siege Tank  
  31  5:15  SCV  
  38  5:29  SCV  
  39  5:39  Barracks Tech Lab  
  39  5:41  Barracks Reactor  
  39  5:45  Siege Tank  
  39  5:48  SCV  
  43  6:06  Medivac  
  43  6:07  Medivac  
  47  6:16  SCV  
  20  6:45  Marine x3  
  20  7:03  Marine  
Show
View Real Time Build Order
Export as new Build Order

CunningStunt Protoss - Winner!

Build Orders: 1 Gate Expand 

Get SALT Encoding   

  12  0:01  Probe  
  13  0:13  Probe  
  14  0:19  Pylon  
  14  0:25  Probe  
  15  0:37  Probe  
  15  0:39  Gateway  
  16  0:49  Probe  
  17  1:01  Probe  
  18  1:22  Probe  
  19  1:31  Cybernetics Core  
  19  1:32  Nexus  
  19  1:41  Probe  
  20  1:52  Assimilator  
  20  1:53  Probe  
  20  1:54  Assimilator  
  21  1:58  Pylon  
  21  2:12  Pylon  
  21  2:17  Warp Gate  
  21  2:23  Probe  
  22  2:34  Adept  
  22  2:35  Probe  
  24  2:45  Probe  
  24  2:47  Probe  
  26  2:51  Gateway  
  26  2:53  Gateway  
  26  2:57  Probe  
  27  3:06  Robotics Facility  
  27  3:09  Probe  
  28  3:14  Probe  
  29  3:20  Stalker  
  29  3:23  Probe  
  32  3:29  Probe  
  33  3:36  Probe  
  34  3:41  Probe  
  35  3:48  Probe  
  35  3:54  Probe, Warp Prism  
  39  3:56  Gateway  
  39  4:02  Probe  
  40  4:06  Probe  
  41  4:14  Probe  
  42  4:20  Probe  
  43  4:24  Adept x3  
  43  4:26  Probe  
  50  4:32  Mothership Core  
  52  4:38  Probe  
  52  4:42  Pylon  
  52  4:43  Pylon  
  53  4:47  Pylon  
  53  4:50  Probe  
  53  4:51  Twilight Council  
  54  5:03  Stalker x3  
  54  5:04  Stalker, Pylon  
  62  5:17  Immortal  
  66  5:25  Assimilator  
  66  5:27  Adept  
  66  5:28  Adept x3  
  72  5:29  Assimilator  
  74  6:01  Nexus  
  74  6:10  Adept x2  
  74  6:11  Adept x2  
  78  6:31  Stalker x2  
  78  6:32  Stalker x2  
  86  6:35  Shield Upgrade  
  86  6:46  Pylon  
  86  6:48  Pylon  
  86  6:50  Pylon  
  86  7:04  Probe x2, Immortal  
  90  7:16  Probe  
  81  7:37  Adept x2  
  81  7:38  Adept x2  
  81  7:42  Probe x2  
  81  7:43  Probe  
  94  7:47  Pylon  
  94  7:50  Pylon, Assimilator  
  94  7:51  Templar Archives  
  94  7:52  Assimilator  
  94  7:55  Forge  
Tags
 
Add a new tag
Caveats
  • Supply blocks, unpowered buildings, or Contaminate may cause inaccurate times.
  • Supply counts are checked every 10 seconds.